Map: Shrines of Lizul

Players

Shark - Winner!

  • Race: Terran Terran
  • Spawn Location: 9:00

PureLegacy - Winner!

  • Race: Terran Terran
  • Spawn Location: 6:00

KillaNaks

  • Race: Terran Terran
  • Spawn Location: 12:00

HermanoVitor

  • Race: Protoss Protoss
  • Spawn Location: 3:00

VOD

Have the link to the VOD?

Description

Time

  • Played on: Nov. 20, 2018, 2:39 p.m.
  • Length: 5:08
Show
View Real Time Build Order
Export as new Build Order

Shark Terran - Winner!

Build Orders: Command Center First (CC) 

Get SALT Encoding   

  12  0:01  SCV  
  13  0:13  SCV  
  14  0:18  Supply Depot  
  14  0:25  SCV  
  15  0:40  SCV  
  16  0:52  SCV  
  17  1:04  SCV  
  17  1:08  Command Center  
  18  1:22  Barracks  
  18  1:28  Supply Depot  
  18  1:32  SCV  
  19  1:44  SCV  
  20  1:52  Supply Depot  
  20  2:10  Supply Depot  
  20  2:15  SCV  
  21  2:25  Supply Depot  
  21  2:27  SCV  
  21  2:29  Barracks  
  22  2:39  Bunker, Marine  
  22  2:41  SCV  
  24  2:50  Engineering Bay  
  24  2:53  Refinery  
  24  2:54  Orbital Command  
  24  2:55  Refinery  
  24  2:58  SCV  
  24  3:03  Marine  
  25  3:10  SCV  
  26  3:15  Bunker  
  26  3:21  Marine  
  27  3:30  Marine  
  27  3:33  SCV  
  29  3:37  SCV  
  29  3:39  Marine  
  31  3:46  SCV  
  31  3:48  Marine  
  32  3:51  Planetary Fortress  
  33  3:57  Marine  
  33  4:02  SCV  
  35  4:06  Marine  
  36  4:10  Factory  
  36  4:17  Marine  
  36  4:20  SCV  
  38  4:26  Supply Depot  
  38  4:32  SCV  
  39  4:39  Barracks Reactor  
  39  4:41  SCV  
  39  4:44  Barracks Reactor  
  39  4:45  SCV  
  41  4:52  Engineering Bay  
  41  4:53  SCV  
  41  4:54  Factory Tech Lab  
  43  5:02  Barracks  
  43  5:04  Barracks  
Show
View Real Time Build Order
Export as new Build Order

PureLegacy Terran - Winner!

Build Orders:  

Get SALT Encoding   

  12  0:00  SCV  
  13  0:12  SCV  
  14  0:19  Supply Depot  
  14  0:25  SCV  
  15  0:31  Refinery  
  15  0:41  SCV  
  16  0:46  Barracks  
  16  0:53  SCV  
  17  1:08  Barracks  
  17  1:17  Barracks  
  17  1:22  SCV  
  18  1:33  Reaper  
  19  1:40  Orbital Command  
  19  1:47  Refinery  
  19  1:55  Reaper  
  19  2:01  Supply Depot  
  20  2:05  Reaper  
  21  2:08  Reaper  
  21  2:14  SCV  
  23  2:25  Supply Depot  
  23  2:27  Reaper  
  23  2:28  SCV  
  25  2:38  Reaper  
  25  2:40  Reaper  
  25  2:41  SCV  
  28  2:59  Reaper  
  28  3:03  SCV  
  29  3:18  Reaper x2  
  31  3:21  Command Center  
  31  3:22  SCV  
  32  3:31  Reaper  
  33  3:45  Barracks  
  33  3:46  Barracks  
  33  3:51  Reaper x2  
  33  3:52  SCV  
  36  3:59  Supply Depot  
  36  4:13  Reaper  
  36  4:15  SCV  
  37  4:25  Reaper  
  37  4:26  Reaper  
  39  4:35  Reaper  
  41  4:59  Engineering Bay  
  43  5:07  Refinery x2  
Show
View Real Time Build Order
Export as new Build Order

KillaNaks Terran 

Build Orders:  

Get SALT Encoding   

  12  0:09  Supply Depot  
  12  0:28  SCV  
  13  0:31  Refinery  
  13  0:36  Refinery  
  13  0:40  SCV  
  14  0:52  SCV  
  15  1:09  Barracks  
  15  1:20  SCV  
  17  1:32  SCV  
  17  1:35  Barracks  
  17  1:51  SCV  
  18  2:03  SCV  
  18  2:05  Factory  
  19  2:20  Reaper  
  19  2:22  SCV  
  20  2:32  Reaper  
  18  2:52  Reaper  
  11  3:13  Marine  
  11  3:18  SCV  
  9  3:24  Marine  
  10  3:30  Marine, SCV  
  12  3:42  Marine  
  13  3:48  Marine  
  14  3:58  SCV  
  14  3:59  Marine  
  16  4:06  Marine  
  17  4:10  SCV  
Show
View Real Time Build Order
Export as new Build Order

HermanoVitor Protoss 

Build Orders:  

Get SALT Encoding   

  12  0:10  Pylon  
  12  0:21  Probe  
  13  0:29  Gateway  
  13  0:33  Probe  
  14  0:46  Probe  
  14  0:49  Assimilator  
  15  0:54  Probe  
  15  1:03  Probe  
  16  1:05  Assimilator  
  17  1:15  Probe  
  18  1:19  Cybernetics Core  
  18  1:23  Probe  
  18  1:31  Probe  
  20  1:41  Probe  
  20  1:45  Pylon  
  21  1:49  Warp Gate  
  21  1:53  Probe  
  22  1:54  Gateway  
  22  2:07  Sentry  
  24  2:19  Probe  
  24  2:21  Pylon  
  25  2:29  Stalker  
  27  2:41  Stalker  
  29  2:47  Shield Battery  
  29  2:53  Stalker  
  31  3:06  Pylon  
  31  3:11  Stalker  
  33  3:23  Stalker  
  35  3:30  Robotics Facility  
  32  4:05  Stalker x2  
  32  4:07  Immortal  
  40  4:35  Stalker x2  
  42  4:46  Observer  
Tags
 
Add a new tag
Caveats
  • Supply blocks, unpowered buildings, or Contaminate may cause inaccurate times.
  • Supply counts are checked every 10 seconds.